 Dungeon Crawl Stone Soup version 0.27.1-34-g3ba077fa99 (webtiles) character file.

Game seed: 9867765486430855555

0 Vylera the Vexing (level 1, -6/10 HPs)
             Began as a Deep Elf Enchanter on Jan 2, 2022.
             Mangled by an orc (8 damage)
             ... on level 1 of the Dungeon.
             The game lasted 00:01:36 (38 turns).

Vylera the Vexing (Deep Elf Enchanter)                Turns: 38, Time: 00:01:37

Health: -6/10      AC:  2    Str:  5    XL:     1   Next: 0%
Magic:  4/6        EV: 12    Int: 19    God:
Gold:   0          SH:  0    Dex: 15    Spells: 5/6 levels left

rFire    . . .     SeeInvis .   a - +1 dagger
rCold    . . .     Faith    .   (no shield)
rNeg     . . .     Spirit   .   b - +0 robe
rPois    .         Reflect  .   (no helmet)
rElec    .         Harm     .   (no cloak)
rCorr    .         Rampage  .   (no gloves)
Will     .....                  (no boots)
Stlth    ++........             (no amulet)
HPRegen  0.03/turn              (no ring)
MPRegen  0.10/turn              (no ring)

@: no status effects
A: no striking features
a: no special abilities


You were on level 1 of the Dungeon.
You visited 1 branch of the dungeon, and saw 2 of its levels.

Inventory:

Hand Weapons
 a - a +1 dagger (weapon)
Armour
 b - a +0 robe (worn)


   Skills:
 - Level 1.0 Short Blades
 + Level 2.4 Dodging
 - Level 3.6 Stealth
 + Level 3.0 Spellcasting
 * Level 4.0 Hexes


You had 5 spell levels left.
You knew the following spells:

 Your Spells              Type           Power      Damage    Failure   Level
a - Corona                Hex            20%        N/A       3%          1

Your spell library contained the following spells:

 Spells                   Type           Power      Damage    Failure   Level
 Confusing Touch          Hex            18%        N/A       9%          3
 Tukima's Dance           Hex            18%        N/A       9%          3
 Ensorcelled Hibernation  Hex/Ice        20%        N/A       10%         2
 Dazzling Flash           Conj/Hex       20%        N/A       21%         3


Dungeon Overview and Level Annotations

Branches:
Dungeon (2/15)

Altars:


Message History

Found a tower shield.
You fall into a shaft and drop 1 floor!
The shaft crumbles and collapses.
A rat, a worm, an endoplasm and 3 orcs come into view.
An orc is wielding a +0 morningstar of holy wrath and wearing a +2 scale mail of fire resistance.
Found 9 gold pieces and 23 arrows.
Found 16 gold pieces.
The orc shouts! x3
The orc barely misses you.
You see here 16 gold pieces.
Found 11 gold pieces.
Found a stone staircase leading up.
Found a scroll labelled URAEDO JULA, a chain mail and 4 gold pieces.
Found 6 poisoned darts.
There is a stone staircase leading up here.
The orc barely misses you.
You climb upwards.
There is a stone staircase leading down here.
Casting: Corona (safe; 3% risk of failure)
Confirm with . or Enter, or press ? or * to list all spells.
Aiming: Corona (safe; 3% risk of failure)
Press: ? - help, Shift-Dir - straight line, f - orc
Aim: an orc, wielding a +0 flail and wearing a +0 chain mail (chance to affect: 73%)
The orc barely resists.
The orc hits you with a +0 flail.
Ouch! That really hurt!
Unknown command.
Casting: Corona (safe; 3% risk of failure)
Confirm with . or Enter, or press ? or * to list all spells.
Aiming: Corona (safe; 3% risk of failure)
Press: ? - help, Shift-Dir - straight line, f/p - orc
Aim: an orc, wielding a +0 flail and wearing a +0 chain mail (chance to affect: 73%)
The orc is outlined in light.
The orc hits you with a +0 flail.
* * * LOW HITPOINT WARNING * * *
You hit the orc but do no damage. The orc misses you.
You barely miss the orc. The orc hits you but does no damage.
You hit the orc but do no damage. You hit the orc.
The orc is lightly wounded.
The orc hits you with a +0 flail!
Ouch! That really hurt!
You die... .######## ......o@# .##.#####

You could see an orc (corona).

Vanquished Creatures (others)
  4 toadstools (D:1)
4 creatures vanquished.

Notes
Turn   | Place    | Note
-------+----------+-------------------------------------------
     0 | D:1      | Vylera the Deep Elf Enchanter began the quest for the Orb.
     0 | D:1      | Reached XP level 1. HP: 10/10 MP: 6/6
    10 | D:1      | You fall into a shaft and drop 1 floor!
    38 | D:1      | Mangled by an orc

Illustrated notes

Levels and vault maps discovered:
D:1:      minmay_arrival_loop, layout_basic, chequers_ecumenical_altar_simple,
          minmay_gold_behind_fungi
D:2:      minmay_alternating_diamond, layout_rooms, serial_forest,
          infiniplex_forest_clump_medium, infiniplex_forest_side_room,
          infiniplex_forest_lined_corner, infiniplex_forest_lined_room_,
          infiniplex_forest_straight_3, infiniplex_forest_straight_3,
          infiniplex_forest_clump_tiny, uniq_jessica

Action                   || total
-------------------------++-------
Melee: Dagger            ||     4
 Cast: Corona            ||     2
Armor: Robe              ||     1
Dodge: Dodged            ||     3
